 Dungeon Crawl Stone Soup version 0.20.2-3-g29329e0561 (webtiles) character file.

540 Alfie the Skirmisher (level 7, 0/61 HPs)
             Began as a Hill Orc Fighter on Sept 6, 2022.
             Slain by an ice beast (9 damage)
             ... on level 5 of the Dungeon.
             The game lasted 00:11:01 (3058 turns).

Alfie the Skirmisher (Hill Orc Fighter)             Turns: 3058, Time: 00:11:02

Health: 0/61       AC: 11    Str: 20    XL:     7   Next: 26%
Magic:  7/7        EV:  8    Int:  9    God:
Gold:   190        SH:  9    Dex: 10    Spells: 6/6 levels left

rFire    . . .     SeeInvis .   a - +2 rapier
rCold    . . .     Gourm    .   c - +0 shield
rNeg     . . .     Faith    +   b - +1 scale mail
rPois    .         Spirit   .   (no helmet)
rElec    .         Reflect  .   (no cloak)
rCorr    .         Harm     .   h - +1 pair of gloves
MR       .....                  t - +0 pair of boots
Stlth    ..........             j - amulet of faith
Regen    0.2/turn               (no ring)
MPRegen  0.1/turn               (no ring)

@: no status effects
A: no striking features
a: no special abilities


You were on level 5 of the Dungeon.
You were not hungry.

You visited 1 branch of the dungeon, and saw 5 of its levels.

You collected 190 gold pieces.

Inventory:

Hand Weapons
 a - a +2 rapier (weapon)
 r - a +0 shortbow
Missiles
 s - 47 arrows
 z - 4 tomahawks (quivered)
Armour
 b - a +1 scale mail (worn)
 c - a +0 shield (worn)
 h - a +1 pair of gloves (worn)
 t - a +0 pair of boots (worn)
Jewellery
 j - an amulet of faith (around neck)
 k - an uncursed ring of wizardry
 l - an uncursed ring of fire
Wands
 o - a wand of polymorph (18/24)
 p - a wand of disintegration (14/24)
 u - a wand of confusion (22/48)
 v - a wand of random effects (8/48)
Scrolls
 m - 6 scrolls of remove curse
 n - a scroll of fear {unknown}
 q - a scroll of immolation {unknown}
 w - 2 scrolls of identify
 y - a scroll of enchant weapon
 A - a scroll of magic mapping {unknown}
Potions
 d - 2 potions of brilliance {unknown}
 e - 2 potions of curing {unknown}
 i - a potion of mutation {unknown}
Comestibles
 f - a royal jelly
 g - 2 meat rations
 x - 3 fruits


   Skills:
 + Level 5.0 Fighting
 + Level 4.7 Short Blades
 + Level 0.3 Throwing
 + Level 4.7 Armour
 + Level 1.7 Dodging
 + Level 1.0 Stealth
 + Level 4.5 Shields


You had 6 spell levels left.
You didn't know any spells.

Dungeon Overview and Level Annotations

Branches:
Dungeon (5/15)
 Temple: D:4-7

Altars:
Ashenzari
Makhleb
Sif Muna

Shops:
D:4 =   D:5 =


Message History

You hit the ice beast.
The ice beast is lightly wounded.
The ice beast hits you but does no damage.
You hit the ice beast.
The ice beast is lightly wounded.
The ice beast hits you. The ice beast freezes you!
* * * LOW HITPOINT WARNING * * *
You hit the ice beast.
The ice beast is moderately wounded.
You block the ice beast's attack.
The frilled lizard hisses.
You puncture the ice beast!
The ice beast is severely wounded.
You block the ice beast's attack.
You barely miss the ice beast.
The ice beast is severely wounded.
The ice beast hits you.
* * * LOW HITPOINT WARNING * * *
The ice beast freezes you!
You die...

#.......# #.
.......## #.#
........ #.#
####....###### #.#
.............
##.#######.....#.#.#
.............:<...>#
.#.###†.......####.#
..............lY@..#
##.###....##########
...# ####.# #### #.#
#.# #.# #.# #.+


You could see an ice beast and a frilled lizard.

Vanquished Creatures
  A phantom (D:5)
  A centaur (D:4)
  A howler monkey (D:5)
  A hound (D:4)
  Terence (D:3)
  Jessica (D:3)
  Ijyb (D:3)
  An orc wizard (D:4)
  A worker ant (D:5)
  A killer bee zombie (D:5)
  A hound zombie (D:5)
  A howler monkey zombie (D:5)
  5 adders
  2 oozes
  3 worms
  4 dart slugs
  3 leopard geckos (D:1)
  4 orcs
  A giant cockroach (D:3)
  4 goblins
  4 hobgoblins
  4 kobolds
  4 quokkas (D:3)
  7 bats
  5 frilled lizards
  A jackal skeleton (D:4)
  A leopard gecko skeleton (D:4)
  8 rats
72 creatures vanquished.

Notes
Turn   | Place    | Note
-------+----------+-------------------------------------------
     0 | D:1      | Alfie the Hill Orc Fighter began the quest for the Orb.
     0 | D:1      | Reached XP level 1. HP: 19/19 MP: 1/1
   159 | D:1      | Reached XP level 2. HP: 22/27 MP: 2/2
   513 | D:2      | Reached skill level 4 in Fighting
   513 | D:2      | Reached XP level 3. HP: 33/33 MP: 3/3
   777 | D:2      | HP: 1/33 [poisoned by an adder]
   781 | D:2      | Reached XP level 4. HP: 15/40 MP: 4/4
   813 | D:2      | HP: 2/40 [poisoned by an adder]
   820 | D:2      | HP: 1/40 [poisoned by an adder]
  1167 | D:3      | Noticed Terence
  1178 | D:3      | Killed Terence
  1642 | D:3      | Reached XP level 5. HP: 47/47 MP: 5/5
  1650 | D:3      | Noticed Jessica
  1657 | D:3      | Killed Jessica
  1742 | D:3      | Found a burning altar of Makhleb.
  2109 | D:3      | Noticed Ijyb
  2116 | D:3      | Killed Ijyb
  2255 | D:4      | Reached skill level 1 in Dodging
  2255 | D:4      | Reached skill level 1 in Stealth
  2288 | D:4      | Reached XP level 6. HP: 39/53 MP: 6/6
  2295 | D:4      | Found a shattered altar of Ashenzari.
  2336 | D:4      | Found Plog's Jewellery Emporium.
  2788 | D:4      | Found a deep blue altar of Sif Muna.
  2825 | D:5      | Entered Level 5 of the Dungeon
  2868 | D:5      | Noticed a phantom
  2912 | D:5      | Killed a phantom
  2912 | D:5      | Reached skill level 5 in Fighting
  2912 | D:5      | Reached XP level 7. HP: 56/61 MP: 7/7
  2945 | D:5      | Found Qeinang's Jewellery Emporium.
  3058 | D:5      | Slain by an ice beast

Skill      XL: |  1  2  3  4  5  6 |
---------------+-------------------+-----
Fighting       | 4 5 |  5.0
Armour         | 4 |  4.7
Shields        | 4 |  4.5
Short Blades   | 3 4 |  4.7
Dodging        | 1 |  1.7
Stealth        | 1 |  1.0
Throwing       | |  0.3

Action                   |  1- 3 |  4- 6 |  7- 9 || total
-------------------------+-------+-------+-------++-------
Melee: Rapier            |   102 |   181 |    42 ||   325
 Fire: Blowgun           |       |     2 |       ||     2
Throw: Tomahawk          |       |    10 |       ||    10
  Use: Scroll            |     6 |     5 |       ||    11
       Potion            |     1 |     1 |       ||     2
  Eat: Bread ration      |       |     2 |       ||     2
Armor: Scale mail        |    68 |    66 |    22 ||   156
Dodge: Dodged            |    42 |    38 |    16 ||    96
Block: Shield            |    63 |    95 |    17 ||   175
